Weevil, chaotic male elven Priest ------ --------- |....| ----------- |.......| |....-#######--------------- |.........| #........| |....| #|.............| |.........| ###|.......| |.....# #|....^........-###########`|.........| # -------.- |....|# #|........>....| #|.........| ### #### -|--|-# #..............| #|.........| # # ## ### ##|.............| #|..........######### ### ### # # #-------.------- #---------.- # #####################################`############################# --.-----# # # ### -.---- |<.....|# ### ### ##.....| |{.^...|# # #### # |....| |......|# ### ### -.----- ### |I^I.| |.......############ # |.....| # |I...| -------- ### -|---------|- |...).-################# |..!>| # |...........| #......| ------ ##......{.....-######------- ------------- Weevil the Aspirant Experience level: 2 Strength: 12 Dexterity: 15 Constitution: 12 Intelligence: 11 Wisdom: 15 Charisma: 10 Health: 0(17) Energy: 31(31) Def: 5 Gold: 238 Moves: 695 Dungeon seed: T6n4N-S3UMs3RezX Game ID: Weevil_1614867818 Your Inventory: Coins $ - 238 gold pieces Weapons a - a blessed +1 mace (weapon in hand) l - a +0 orcish dagger Armor e - a +0 robe (being worn) n - a +0 small shield (being worn) r - a +0 pair of high boots (being worn) y - a +0 orcish helm Comestibles c - 2 cloves of garlic d - a sprig of wolfsbane Spellbooks f - a spellbook of detect food g - a spellbook of identify i - a spellbook of cause fear Potions b - 4 potions of holy water Tools h - a bell Gems q - a worthless piece of black glass z - a worthless piece of yellow glass Spells and supernatural/magical abilities: Name Level Category Fail Memory c - cause fear 3 enchantment 95% 100% E - detect food 2 divination 72% 97% I - identify 3 divination 95% 97% W - pray for help -- divine ? -- X - turn undead -- divine ? -- Your skills at the end: Fighting Skills Weapon Skills mace [Basic] Spellcasting Skills clerical spells [Basic] Final Attributes: You were piously aligned. You were blinded. You had infravision. You are dead. Vanquished creatures: a green mold 3 geckos 4 jackals a goblin 3 grid bugs 4 lichens 3 newts 19 creatures vanquished. Voluntary challenges: You were an atheist. You used a wielded weapon 15 times, starting on turn 56. You read items or engraved 7 times, starting on turn 643. You never genocided any monsters. You never polymorphed an object. You never changed form. You used no wishes. You never split a pudding. You never wrote Elbereth's name. You never violated your personal moral code. Dungeon overview: The Dungeons of Doom: levels 1 to 2 Level 1 a long staircase Level 2 <- You were here some fountains a long staircase History has recorded: On T:1 you entered the Dungeons of Doom to retrieve the Amulet of Yendor! On T:247 you reached level 2 of The Dungeons of Doom. On T:376 you advanced to experience level 2. Score breakdown: Gold: 238 ( 8090 points) Experience: 2 levels ( 5570 points) Exploration: 2 levels ( 4.08%) ( 4330 points) Discoveries: 3 items ( 1.05%) ( 3067 points) Valuables value: (no points given unless you survive) Artifact value: 0 ( 0 points) Variety of kills: 7 monsters ( 1.84%) ( 4066 points) Turncount: 695 turns ( 0 points) Survival: died (score multiplied by 80%) Total score: 20098 Latest messages: Wait! There's something there you can't see! It misses. (2x) You sense a monster nearby! There's still a monster there. It bites! There's still a monster there. (2x) It bites! There's still a monster there. It bites! You hear some noises. You can see again. The gecko bites! Qwerty misses the gecko. (3x) The gecko misses. Qwerty misses the gecko. (2x) You hit the gecko. Qwerty bites the gecko. The gecko is killed! You are momentarily blinded by a flash of light! It bites! You sense a monster nearby! It misses. It bites! You kill it! You are splashed! You die... Final status: Goodbye Weevil the Priest, killed by a green mold... You died in The Dungeons of Doom on dungeon level 2 with 20098 points, and 238 pieces of gold, after 695 moves. You were level 2 with a maximum of 17 hit points when you died.